 Dungeon Sprint DCSS version 0.19-a0-1899-g2d93087 (webtiles) character file.

110 poirepourri the Geomancer (level 4, -3/24 HPs)
             Began as a Gargoyle Earth Elementalist on Oct 20, 2016.
             Slain by Sigmund
             ... wielding a +0 scythe
              (5 damage)
             ... in the Dungeon (Sprint I: "Red Sonja").
             The game lasted 00:01:09 (578 turns).

poirepourri the Geomancer (GrEE)                     Turns: 578, Time: 00:01:10

Health: -3/24      AC:  5    Str: 12    XL:     4   Next: 91%
Magic:  12/12      EV: 12    Int: 15    God:
Gold:   54         SH:  0    Dex: 11    Spells: 4 memorised, 5 levels left

rFire  . . .     SeeInvis .     (no weapon)
rCold  . . .     Gourm    .     c - +0 robe
rNeg   + . .     Faith    .     (no shield)
rPois  ∞         Spirit   .     (no helmet)
rElec  +         Reflect  .     (no cloak)
rCorr  .         Harm     .     (no gloves)
MR     .....     NoTele   +     (no boots)
Stlth  ++........               (no amulet)
                                (no ring)
                                (no ring)

@: exhausted, slowed, very slow
A: negative energy resistance 1, electricity resistance, unbreathing,
petrification resistance, rot immunity, AC +3
a: no special abilities


You were in the Dungeon.
You were not hungry.

You visited 1 branch You collected 54 gold pieces.

Inventory:

Missiles
 b - 4 stones (quivered)
Armour
 c - a +0 robe (worn)
Scrolls
 j - a scroll of blinking
Potions
 e - a potion of curing
 g - a potion of haste
Books
 k - a book of Geomancy

   Spells                             Type                      Level
   a - Sandblast                      Earth                        1
   b - Passwall                       Transmutation/Earth          2
   c - Stone Arrow                    Conjuration/Earth            3
   d - Petrify                        Transmutation/Earth          4
   e - Lee's Rapid Deconstruction     Earth                        5
Comestibles
 d - a bread ration


   Skills:
 - Level 1.5 Dodging
 - Level 2.1 Stealth
 * Level 6.2 Spellcasting
 + Level 1.1 Transmutations
 + Level 8.5 Earth Magic


You had 5 spell levels left.
You knew the following spells:

 Your Spells              Type           Power        Failure   Level  Hunger
a - Sandblast             Erth           ####..       1%          1    None
b - Passwall              Tmut/Erth      ###.......   3%          2    #......
c - Stone Arrow           Conj/Erth      ###...       10%         3    ##.....
d - Petrify               Tmut/Erth      ###.....     24%         4    ####...


Dungeon Overview and Level Annotations

Branches:
Dungeon (1/1)

Altars:

Annotations:
D Sigmund


Innate Abilities, Weirdness & Mutations

You are resistant to torment.
Your stone body is resilient. (AC +3)
You are immune to poison.
You resist negative energy. (rN+)
You are resistant to electric shocks. (rElec)
You can survive without breathing.
You are immune to petrification.
You are immune to rotting.


Message History

You feel a strong urge to attack something.
You hit something. Something hits you!
* * * LOW HITPOINT WARNING * * *
You miss something. You completely miss something. You miss something.
Something hits you!
* * * LOW HITPOINT WARNING * * *
You miss something. You hit something. Something hits you but does no damage.
You miss something. You miss something. Something hits you.
* * * LOW HITPOINT WARNING * * *
You barely miss something. You barely miss something.
Something completely misses you.
You barely miss something.
You are no longer berserk.
You are exhausted.
You feel yourself slow down.
You miss something. Something hits you.
You die...

########## ##
#<.#..(..#..+
#..[@{#..'..#
#..#####'####
#..# #..#
#..# ####
#..# #⌠⌠#
####


There were no monsters in sight!

Vanquished Creatures
  An ogre (D)
  Ijyb (D)
2 creatures vanquished.

Notes
Turn   | Place    | Note
-------+----------+-------------------------------------------
     0 | D        | poirepourri the Gargoyle Earth Elementalist began the quest for the Orb.
     0 | D        | Reached XP level 1. HP: 10/10 MP: 3/3
     3 | D        | Noticed Ijyb
    12 | D        | Killed Ijyb
    12 | D        | Reached skill level 6 in Earth Magic
    12 | D        | Reached XP level 2. HP: 15/15 MP: 2/7
    12 | D        | Reached XP level 3. HP: 19/19 MP: 2/8
   166 | D        | Learned a level 2 spell: Passwall
   170 | D        | Learned a level 3 spell: Stone Arrow
   274 | D        | Noticed an ogre
   278 | D        | Killed an ogre
   278 | D        | Reached skill level 1 in Transmutations
   278 | D        | Reached skill level 8 in Earth Magic
   278 | D        | Reached XP level 4. HP: 2/24 MP: 4/12
   412 | D        | Learned a level 4 spell: Petrify
   548 | D        | Noticed Sigmund
   574 | D        | HP: 1/36 [something (1)]
   578 | D        | Slain by Sigmund

Vault maps used:
D:        dungeon_sprint_1

Skill      XL: |  1  2  3 |
---------------+----------+-----
Spellcasting   | 4 6 |  6.2
Earth Magic    | 6 8 |  8.5
Transmutations | 1 |  1.1
Dodging        | |  1.5
Stealth        | |  2.1

Action                   |  1- 3 |  4- 6 || total
-------------------------+-------+-------++-------
Melee: Unarmed           |       |    12 ||    12
Throw: Stone             |       |     4 ||     4
 Cast: Sandblast         |     9 |     3 ||    12
  Use: Potion            |     2 |     2 ||     4
Armor: Robe              |     3 |     2 ||     5
Dodge: Dodged            |     3 |     1 ||     4
